 Dungeon Crawl Stone Soup version 0.29.0-4-gdea44cf6ec (webtiles) character file.

Game seed: 17750119836279929618

52 qw the Chopper (level 3, -1/21 HPs)
             Began as a Tengu Warper on Aug 28, 2022.
             Slain by Robin
             ... wielding a +0 whip
              (5 damage)
             ... on level 2 of the Dungeon.
             The game lasted 00:00:08 (2025 turns).

qw the Chopper (Tengu Warper)                       Turns: 2025, Time: 00:00:08

Health: -1/21      AC:  3    Str: 13    XL:     3   Next: 85%
Magic:  7/7        EV: 12    Int: 13    God:
Gold:   65         SH:  0    Dex: 13    Spells: 6/6 levels left

rFire   . . .      SeeInvis .   Y - +0 hand axe
rCold   . . .      Faith    .   (no shield)
rNeg    . . .      Spirit   .   b - +0 leather armour
rPois   .          Reflect  .   (helmet restricted)
rElec   .          Harm     .   (no cloak)
rCorr   .          Rampage  .   (no gloves)
Will    .....                   (boots unavailable)
Stlth   +.........              (no amulet)
HPRegen 0.07/turn               (no ring)
MPRegen 0.10/turn               (no ring)

@: no status effects
A: beak, talons 3
a: no special abilities


You were on level 2 of the Dungeon.
You visited 1 branch of the dungeon, and saw 2 of its levels.

You collected 65 gold pieces.


Innate Abilities, Weirdness & Mutations

You have a beak for a mouth.
You have claws for feet.


   Skills:
 - Level 2.0 Fighting
 + Level 4.4 Axes
 - Level 1.0 Throwing
 - Level 1.1 Armour
 - Level 2.1 Dodging
 - Level 2.0 Spellcasting
 - Level 2.4 Translocations


You had 6 spell levels left.
You didn't know any spells.
Your spell library contained the following spells:

 Spells                   Type           Power      Damage    Failure   Level
 Blink                    Tloc           14%        N/A       19%         2
 Gell's Gravitas          Tloc           7%         N/A       36%         3
 Lesser Beckoning         Tloc           7%         N/A       36%         3
 Teleport Other           Tloc           7%         N/A       36%         3
 Manifold Assault         Tloc           7%         N/A       98%         5

Inventory:

Hand Weapons
 i - a +0 whip
 Y - a +0 hand axe (weapon)
Armour
 b - a +0 leather armour (worn)
 j - a +0 scale mail
Jewellery
 d - an amulet of faith
Scrolls
 a - a scroll of noise {unknown}
 e - a scroll of identify
 g - a scroll of immolation {unknown}
Potions
 c - 2 potions of attraction {unknown}
 f - a potion of haste {unknown}
 h - 4 potions of curing {unknown}
 k - a potion of heal wounds {unknown}

Dungeon Overview and Level Annotations

Branches:
Dungeon (2/15)

Altars:

Annotations:
D:2 Robin


Message History

You closely miss the goblin. You claw the goblin.
You kill the goblin!
You barely miss the hobgoblin. You closely miss the hobgoblin.
You claw the hobgoblin. Your peck misses the hobgoblin.
The hobgoblin is heavily wounded.
You hit the goblin. The hobgoblin barely misses you.
The goblin hits you with a +0 dagger.
You hit the hobgoblin but do no damage.
You claw the hobgoblin, but do no damage.
The hobgoblin is heavily wounded.
You hit the goblin. The hobgoblin barely misses you.
The goblin hits you with a +0 dagger.
You hit the goblin but do no damage. You claw the goblin.
You kill the goblin!
You hit the hobgoblin.
You kill the hobgoblin!
Robin roars a battlecry!
The goblin goes into a battle-frenzy!
You hear a shout!
You closely miss the goblin. You claw the goblin.
You kill the goblin!
A goblin comes into view. It is wielding a +0 dagger.
Robin hits you with a +0 whip.
A goblin comes into view. It is wielding a +0 club.
Items here: %% ))) [.
You hit Robin. Your peck misses Robin.
Robin is lightly wounded.
Robin closely misses you.
A goblin comes into view. It is wielding a +0 club.
You hit Robin but do no damage. You claw Robin.
Robin is moderately wounded.
Robin misses you.
You closely miss Robin.
Robin is moderately wounded.
Robin hits you with a +0 whip.
You hit Robin but do no damage. You claw Robin!
Robin is severely wounded.
Robin hits you with a +0 whip.
You die...

.#..%<..###..(.#
.#.##.#..#.##.####
.#.##.#.#......... .
#..##.#.##.##.#### .#
##.#....##.##.# ..#
#..........##.# g..
.#.#...##..##.### g.
#.....###.......##g# #..##.#
#......)@g.# ## #..##.#
#.#.###.##.##.# ...##.# #.#.#
#.# ... ...##.# #.#.# #.# #.#
#).##.###.#.###.####.########
.............................
......................######
.........##..########.#
......#####..# #.#


You could see Robin and 3 goblins.

Vanquished Creatures
  An adder (D:2)
  A dart slug (D:1)
  2 bats (D:1)
  3 endoplasms (D:1)
  5 giant cockroaches (D:1)
  8 goblins
  4 hobgoblins
  A quokka (D:1)
  2 ball pythons
  4 kobolds
  6 rats (D:1)
37 creatures vanquished.

Notes
Turn   | Place    | Note
-------+----------+-------------------------------------------
     0 | D:1      | qw the Tengu Warper began the quest for the Orb.
     0 | D:1      | Reached XP level 1. HP: 12/12 MP: 4/4
     0 | D:1      | 0 ||| qw: Version: 0.1-a-89-g26bdef1
     0 | D:1      | 0 ||| qw: Game counter: 707
     0 | D:1      | 0 ||| qw: Always use a shield: true
     0 | D:1      | 0 ||| qw: God list: Okawaru
     0 | D:1      | 0 ||| qw: Allow faded altars: false
     0 | D:1      | 0 ||| qw: Do Orc after D:15 true
     0 | D:1      | 0 ||| qw: Do second Lair branch before Depths: true
     0 | D:1      | 0 ||| qw: Lair rune preference: random
     0 | D:1      | 0 ||| qw: Plans: Normal
     0 | D:1      | 0 ||| PLANNING D:1-11
    86 | D:1      | 86 ||| Stepping ~*~*~tactically~*~*~ (stealth).
   154 | D:1      | 154 ||| Stepping ~*~*~tactically~*~*~ (stealth).
   165 | D:1      | Reached XP level 2. HP: 17/17 MP: 6/6
   167 | D:1      | Reached skill level 3 in Axes
   261 | D:1      | 261 ||| Stepping ~*~*~tactically~*~*~ (hiding).
   262 | D:1      | 262 ||| Stepping ~*~*~tactically~*~*~ (hiding).
   819 | D:1      | Reached XP level 3. HP: 21/21 MP: 7/7
  1034 | D:1      | 1034 ||| DROPPING +0 club.
  1380 | D:1      | Reached skill level 4 in Axes
  1411 | D:1      | 1411 ||| READING 2 scrolls labelled MUYHES CEQYISI.
  1412 | D:1      | 1412 ||| READING 2 scrolls labelled OVOSKO PEGOTZ.
  1413 | D:1      | 1413 ||| READING scroll labelled BEBO CEARUYM.
  1414 | D:1      | 1414 ||| READING scroll labelled GEMPED RYMUIBUK.
  1415 | D:1      | 1415 ||| DROPPING scroll of amnesia.
  1416 | D:1      | 1416 ||| DROPPING scroll of blinking.
  2008 | D:2      | 2008 ||| Stepping ~*~*~tactically~*~*~ (stealth).
  2010 | D:2      | Noticed Robin
  2011 | D:2      | 2011 ||| Stepping ~*~*~tactically~*~*~ (hiding).
  2021 | D:2      | HP: 5/21 [Robin/+0 whip (1)]
  2025 | D:2      | Slain by Robin

Levels and vault maps discovered:
D:1:      dpeg_arrival_short_road, layout_basic
D:2:      layout_loops_ring, uniq_robin

Skill      XL: |  1  2  3 |
---------------+----------+-----
Axes           | 3 4 |  4.4
Fighting       | |  2.0
Throwing       | |  1.0
Armour         | |  1.1
Dodging        | |  2.1
Spellcasting   | |  2.0
Translocations | |  2.4

Action                   || total
-------------------------++-------
Melee: Hand axe          ||    90
       Kick              ||    22
       Peck              ||     8
Throw: Boomerang         ||     7
  Use: Scroll            ||     4
Armor: Leather armour    ||    14
Dodge: Dodged            ||    41

Table legend:
 A = Non-vault XP
 B = Vault XP
 C = Vault XP percentage of total XP
 D = Non-vault monster count
 E = Vault monster count
 F = Vault count percentage of total count
                 A         B        C        D         E       F
            +---------+---------+-------+---------+---------+-------
      Total |      64 |      11 |  14.7 |      31 |       6 |  16.2
            +---------+---------+-------+---------+---------+-------
        D:1 |      45 |       0 |   0.0 |      27 |       0 |   0.0
        D:2 |      19 |      11 |  36.7 |       4 |       6 |  60.0
            +---------+---------+-------+---------+---------+-------
